 Dungeon Sprint DCSS version 0.22-a0-456-g11ed031 (webtiles) character file.

7 Kidiri the Magician (level 1, -2/10 HPs)
             Began as a Deep Elf Fire Elementalist on June 7, 2018.
             Was an Initiate of Vehumet.
             Slain by a worker ant (5 damage)
             ... in the Dungeon (Sprint VII: "The Pits").
             The game lasted 00:01:03 (144 turns).

Kidiri the Magician (Deep Elf Fire Elementalist)     Turns: 144, Time: 00:01:04

Health: -2/10      AC:  2    Str:  5    XL:     1   Next: 83%
Magic:  6/8        EV: 13    Int: 19    God:    Vehumet [......]
Gold:   0          SH:  0    Dex: 15    Spells: 8/9 levels left

rFire    . . .     SeeInvis .   b - +2 dagger
rCold    . . .     Gourm    .   (no shield)
rNeg     . . .     Faith    .   a - +0 robe
rPois    .         Spirit   .   (no helmet)
rElec    .         Reflect  .   (no cloak)
rCorr    .         Harm     .   (no gloves)
MR       .....     NoTele   +   (no boots)
Stlth    ++........             (no amulet)
HPRegen  0.03/turn              (no ring)
MPRegen  0.11/turn              (no ring)

@: no status effects
A: no striking features
a: Renounce Religion


You were in the Dungeon.
You worshipped Vehumet.
Vehumet was noncommittal.
You were not hungry.

You visited 1 branch

Inventory:

Hand Weapons
 b - a +2 dagger (weapon)
Armour
 a - a +0 robe (worn)
Scrolls
 i - a scroll of blinking
 k - 3 scrolls of remove curse
 l - 5 scrolls of amnesia
 m - a scroll of summoning
Potions
 d - a potion of curing
 e - a potion of heal wounds
 f - a potion of haste
 g - 4 potions of magic
 h - 3 potions of berserk rage
 j - 2 potions of invisibility
Comestibles
 c - 9 rations


   Skills:
 - Level 2.4 Dodging
 - Level 2.4 Stealth
 * Level 4.6 Spellcasting
 + Level 2.2 Conjurations
 + Level 3.9 Fire Magic


You had 8 spell levels left.
You knew the following spells:

 Your Spells              Type           Power        Failure   Level  Hunger
a - Flame Tongue          Conj/Fire      ###..        3%          1    None

Your spell library contained the following spells:

 Spells                   Type           Power        Failure   Level  Hunger
 Fireball                 Conj/Fire      ###.......   71%         5    ######.
 Conjure Flame            Conj/Fire      ###.....     11%         3    ###....
 Throw Flame              Conj/Fire      ###...       5%          2    #......
 Sticky Flame             Conj/Fire      ###.....     36%         4    ####...
 Inner Flame              Hex/Fire       ##......     17%         3    ###....


Dungeon Overview and Level Annotations

Branches:
Dungeon (1/1)

Altars:
Ashenzari
Cheibriados
Dithmenos
Elyvilon
Fedhas
Gozag
Hepliaklqana
Kikubaaqudgha
Makhleb
Nemelex Xobeh
Okawaru
Qazlal
Ru
Sif Muna
Trog
Uskayaw
Vehumet
Wu Jian
Xom
Yredelemnul
Zin
The Shining One
Beogh
Jiyva
Lugonu

Annotations:
D exclusion: 6 doors


Message History

There is an open door here.
Casting: Flame Tongue (safe; 3% risk of failure)
Confirm with . or Enter, or press ? or * to list all spells.
Aiming: Flame Tongue (safe; 3% risk of failure)
Press: ? - help, Shift-Dir - straight line, f - worker ant
Aim: a worker ant The flame tongue hits the worker ant.
The worker ant appears unharmed.
Casting: Flame Tongue (safe; 3% risk of failure)
Confirm with . or Enter, or press ? or * to list all spells.
Aiming: Flame Tongue (safe; 3% risk of failure)
Press: ? - help, Shift-Dir - straight line, f/p - worker ant
Aim: a worker ant The flame tongue hits the worker ant.
The worker ant is lightly wounded.
The worker ant bites you!
Ouch! That really hurt!
* * * LOW HITPOINT WARNING * * *
The worker ant bites you.
Ouch! That really hurt!
You die...

############ #_________.#
#_________.#
#_______...###########++##
##########+##.............
#.?(.+)))+.##......#..#...
##########.##.............
#.......a@..'.............
+#####'#####......#..#...
#..# #.............
#..'..# ####+#####++##
#..#### #.......# #..
#.......# #. #.......# ##
#...<...# #.......#


You could see a worker ant.

Vanquished Creatures
  An ooze (D)
  A giant cockroach (D)
  A bat (D)
3 creatures vanquished.

Notes
Turn   | Place    | Note
-------+----------+-------------------------------------------
     0 | D        | Kidiri the Deep Elf Fire Elementalist began the quest for the Orb.
     0 | D        | Reached XP level 1. HP: 10/10 MP: 6/6
    29 | D        | Reached skill level 4 in Spellcasting
    62 | D        | Found a bloodstained altar of Trog.
    62 | D        | Found a deep blue altar of Sif Muna.
    62 | D        | Found a viscous altar of Jiyva.
    62 | D        | Found a hazy altar of Hepliaklqana.
    62 | D        | Found an opulent altar of Gozag.
    63 | D        | Found a glowing golden altar of the Shining One.
    63 | D        | Found a glowing silver altar of Zin.
    63 | D        | Found a basalt altar of Yredelemnul.
    63 | D        | Found a shimmering altar of Xom.
    63 | D        | Found an ornate altar of the Wu Jian Council.
    63 | D        | Found a sacrificial altar of Ru.
    63 | D        | Found a stormy altar of Qazlal.
    63 | D        | Found an iron altar of Okawaru.
    63 | D        | Found a sparkling altar of Nemelex Xobeh.
    63 | D        | Found a burning altar of Makhleb.
    63 | D        | Found a blossoming altar of Fedhas.
    63 | D        | Found a white marble altar of Elyvilon.
    63 | D        | Found a shadowy altar of Dithmenos.
    63 | D        | Found a snail-covered altar of Cheibriados.
    66 | D        | Found a radiant altar of Vehumet.
    66 | D        | Found a corrupted altar of Lugonu.
    66 | D        | Found a roughly hewn altar of Beogh.
    67 | D        | Found a hide-covered altar of Uskayaw.
    67 | D        | Found an ancient bone altar of Kikubaaqudgha.
    67 | D        | Found a shattered altar of Ashenzari.
    74 | D        | Became a worshipper of Vehumet
   139 | D        | Noticed a worker ant
   144 | D        | Slain by a worker ant

Vault maps used:
D:        pitsprint

Skill      XL: |  1 |
---------------+----+-----
Spellcasting   | 4 |  4.6
Conjurations   | 2 |  2.2
Dodging        | |  2.4
Stealth        | |  2.4
Fire Magic     | |  3.9

Action                   || total
-------------------------++-------
 Cast: Flame Tongue      ||     8
Dodge: Dodged            ||     1

Table legend:
 A = Spawn XP
 B = Non-spawn XP
 C = Spawn XP percentage of total XP
 D = Spawn monster count
 E = Non-spawn monster count
 F = Spawn count percentage of total count
 G = Total turns spent on level
                    A         B        C        D         E        F      G
               +---------+---------+-------+---------+---------+-------+---------
         Total |       0 |      10 |   0.0 |       0 |       3 |   0.0 |   144
               +---------+---------+-------+---------+---------+-------+---------
             D |       0 |      10 |   0.0 |       0 |       3 |   0.0 |   144
               +---------+---------+-------+---------+---------+-------+---------
